 Dungeon Crawl Stone Soup version 0.29.1-15-g9cfb28693d (webtiles) character file.

Game seed: 15518281584994873972

587 zeram the Covert (level 7, -1/33 HPs)
             Began as a Spriggan Brigand on Mar 14, 2023.
             Killed from afar by a white imp (9 damage)
             ... with a puff of frost
             ... on level 4 of the Dungeon.
             The game lasted 00:05:29 (3682 turns).

zeram the Covert (Spriggan Brigand)                 Turns: 3682, Time: 00:05:30

Health: -1/33      AC:  3    Str:  7    XL:     7   Next: 15%
Magic:  8/8        EV: 18    Int: 14    God:
Gold:   352        SH:  0    Dex: 17    Spells: 6/6 levels left

rFire   . . .      SeeInvis +   i - +2 dagger (elec)
rCold   . . .      Faith    .   (no shield)
rNeg    . . .      Spirit   .   b - +0 robe
rPois   .          Reflect  .   (helmet restricted)
rElec   .          Harm     .   c - +0 cloak
rCorr   .          Rampage  .   (gloves unavailable)
Will    +....                   (boots unavailable)
Stlth   +++++.....              (no amulet)
HPRegen 0.11/turn               (no ring)
MPRegen 0.11/turn               (no ring)

@: very quick
A: very small, no large weapons, unfitting armour, see invisible, speed 3
a: no special abilities


You were on level 4 of the Dungeon.
You visited 1 branch of the dungeon, and saw 6 of its levels.

You collected 352 gold pieces.

Inventory:

Hand Weapons
 a - a +2 dagger
 i - a +2 dagger of electrocution (weapon)
Missiles
 d - 13 poisoned darts (quivered)
 e - 3 curare-tipped darts
Armour
 b - a +0 robe (worn)
 c - a +0 cloak (worn)
Wands
 p - a wand of paralysis (13)
Scrolls
 g - 4 scrolls of teleportation
 m - a scroll of blinking
Potions
 f - a potion of ambrosia {unknown}
 h - a potion of curing
 j - 2 potions of lignification
 k - 2 potions of attraction
 l - a potion of heal wounds {unknown}
 n - a potion of degeneration {unknown}
 o - a potion of cancellation {unknown}


   Skills:
 - Level 1.5 Fighting
 + Level 5.4 Short Blades
 - Level 2.0 Throwing
 * Level 3.4 Dodging
 * Level 10.6 Stealth


You had 6 spell levels left.
You didn't know any spells.
Your spell library contained the following spells:

 Spells                   Type           Power      Damage    Failure   Level
 Static Discharge         Conj/Air       0%         3-3/arc   41%         2
 Conjure Flame            Conj/Fire      0%         6-21      65%         3
 Ignite Poison            Fire/Tmut/Pois 0%         N/A       65%         3
 Dispel Undead            Necr           0%         3d6       96%         4
 Sticky Flame             Conj/Fire      0%         2d3       96%         4


Dungeon Overview and Level Annotations

Branches:
Dungeon (6/15)
 Temple: D:4-7

Altars:
Nemelex Xobeh

Shops:
D:1 !   D:2 *


Innate Abilities, Weirdness & Mutations

You are very small and have problems with some larger weapons.
You are too small for most types of armour.
You have supernaturally acute eyesight. (SInv)
You cover ground extremely quickly. (Speed+++)


Message History

There is a stone staircase leading up here.
A white imp comes into view.
Found a short sword.
A white imp is nearby!
A white imp is nearby!
A white imp is nearby!
A white imp is nearby!
A kobold comes into view.
It is wielding a +2 flail of protection.
The kobold shouts!
You hear an angry hiss.
An iguana comes into view.
Found a stone staircase leading up.
The white imp shouts!
The iguana hisses angrily.
You see here a +0 short sword.
You barely miss the white imp. You hit the white imp but do no damage.
The white imp gestures at you. The puff of frost hits you!
You hit the white imp but do no damage. The white imp closely misses you.
You barely miss the white imp. The white imp barely misses you.
You barely miss the white imp. You hit the white imp but do no damage.
The white imp completely misses you.
You hit the white imp.
The white imp is heavily wounded.
The white imp hits you. The white imp freezes you.
You hit the white imp.
The white imp is severely wounded.
The white imp gestures at you. The puff of frost hits you.
You are too injured to fight recklessly!
You are too injured to fight recklessly!
You hit the white imp.
The white imp is almost dead.
You barely miss the white imp.
The white imp is almost dead.
The iguana bites you.
* * * LOW HITPOINT WARNING * * *
The white imp laughs crazily.
The white imp gestures at you. The puff of frost hits you!
You die...

....# ####### ...
....###.<...###.# ......
.......(###.....# ......
....##### ###..###.....#
.....# ##............#
.....#####..#####.......
..............###.......
.....#....###.#.l5.....<
..........# #.#.@#
..........# #...##
###.......# #....#
##....#.### #....#
#...#.#.# #....#
..#.#.#.# .....#
.#..#.#.# #.#####
...##.#.# #. #####....
..


You could see an iguana and a white imp.

Vanquished Creatures
  A water moccasin (D:6)
  A centaur (D:6)
  A phantom (D:3)
  2 bullfrogs (D:6)
  A scorpion (D:6)
  A hound (D:6)
  An iguana (D:6)
  2 adders
  A shadow imp (D:6)
  2 worms (D:2)
  2 dart slugs
  3 orcs (D:6)
  4 ball pythons
  2 bats (D:1)
  10 endoplasms
  A giant cockroach (D:1)
  5 goblins
  2 hobgoblins
  4 quokkas
  3 frilled lizards
  12 kobolds
  2 rats
63 creatures vanquished.

Notes
Turn   | Place    | Note
-------+----------+-------------------------------------------
     0 | D:1      | zeram the Spriggan Brigand began the quest for the Orb.
     0 | D:1      | Reached XP level 1. HP: 10/10 MP: 2/2
   153 | D:1      | Reached skill level 6 in Stealth
   397 | D:1      | Reached XP level 2. HP: 7/14 MP: 3/3
   993 | D:1      | Found Vuddonai's Distillery.
  1034 | D:1      | Reached skill level 7 in Stealth
  1372 | D:2      | Found Wanutz's Assorted Antiques.
  1377 | D:2      | Reached XP level 3. HP: 18/18 MP: 4/4
  1954 | D:2      | Found a faded altar of an unknown god.
  2502 | D:3      | Noticed a phantom
  2509 | D:3      | Killed a phantom
  2510 | D:3      | Reached skill level 8 in Stealth
  2510 | D:3      | Reached XP level 4. HP: 22/22 MP: 5/5
  2534 | D:3      | Reached XP level 5. HP: 25/25 MP: 6/6
  2626 | D:3      | You fall into a shaft and drop 3 floors!
  2632 | D:6      | Noticed a water moccasin
  2636 | D:6      | Killed a water moccasin
  2651 | D:6      | Noticed a centaur
  2661 | D:6      | Reached skill level 9 in Stealth
  2661 | D:6      | Reached XP level 6. HP: 20/30 MP: 7/7
  2803 | D:6      | Reached skill level 5 in Short Blades
  2963 | D:6      | Reached skill level 10 in Stealth
  3006 | D:6      | Found a sparkling altar of Nemelex Xobeh.
  3009 | D:6      | Reached XP level 7. HP: 33/33 MP: 8/8
  3296 | D:5      | Entered Level 5 of the Dungeon
  3682 | D:4      | Killed from afar by a white imp

Illustrated notes

Levels and vault maps discovered:
D:1:      amcnicky_arrival_feature_with_door, layout_basic, serial_shops, shop
D:2:      minmay_kobold_bridge, layout_loops_ring,
          hellmonk_ecumenical_altar_blasted, serial_shops, shop_coins,
          hangedman_abyss_or_decor_lesser_grid
D:3:      layout_basic, gammafunk_ghost_mausoleum
D:4:      layout_rooms, minmay_temple_entry_statues
D:5:      layout_basic, serial_shops, kennysheep_mini_moat,
          nicolae_ossuary_entry_monument
D:6:      layout_basic, nemelex_xobeh_ov_fountains_minmay

Skill      XL: |  1  2  3  4  5  6 |
---------------+-------------------+-----
Stealth        | 6 7 8 9 10 | 10.6
Dodging        | 2 3 |  3.4
Short Blades   | 3 4 5 |  5.4
Fighting       | |  1.5
Throwing       | |  2.0

Action                   |  1- 3 |  4- 6 |  7- 9 || total
-------------------------+-------+-------+-------++-------
Melee: Dagger            |    97 |    35 |    44 ||   176
       Punch             |     1 |       |       ||     1
Throw: Dart              |     2 |     1 |       ||     3
  Use: Scroll            |     5 |     2 |     1 ||     8
       Potion            |       |     2 |       ||     2
 Stab: Sleeping          |    17 |     5 |     1 ||    23
Armor: Robe              |     6 |     6 |     3 ||    15
Dodge: Dodged            |    54 |    21 |    18 ||    93
